 Seeded DCSS version 0.28-a0-1087-gf3fc490d9d (webtiles) character file.

Game seed: 20211211 (custom seed)

242 a11behringer the Cudgeller (level 6, 0/38 HPs)
             Began as a Gargoyle Berserker on Dec 11, 2021.
             Was a Believer of Trog.
             Slain by a gnoll (2 damage)
             ... on level 3 of the Dungeon.
             The game lasted 00:06:49 (2981 turns).

a11behringer the Cudgeller (Gargoyle Berserker)     Turns: 2981, Time: 00:06:50

Health: 0/38       AC: 10    Str: 22    XL:     6   Next: 9%
Magic:  6/6        EV: 11    Int:  8    God:    Trog [**....]
Gold:   121        SH:  0    Dex:  9    Spells: 5/5 levels left

rFire   . . .      SeeInvis .   a - +0 mace
rCold   . . .      Faith    .   (no shield)
rNeg    + . .      Spirit   .   e - +0 ring mail
rPois   ∞          Reflect  .   (no helmet)
rElec   +          Harm     .   (no cloak)
rCorr   .          Rampage  .   (no gloves)
Will    ++...                   (no boots)
Stlth   ..........              (no amulet)
HPRegen 1.12/turn               j - ring of flight
MPRegen 0.10/turn               (no ring)

@: strong-willed (expiring), on berserk cooldown, flying, regenerating
(expiring), slowed, very slow
A: sickness immunity, AC +4, negative energy resistance 1, electricity
resistance, torment resistance 1, petrification resistance
a: Renounce Religion, Berserk, Trog's Hand


You were on level 3 of the Dungeon.
You worshipped Trog.
Trog was pleased with you.
You visited 1 branch of the dungeon, and saw 3 of its levels.

You collected 121 gold pieces.

Inventory:

Hand Weapons
 a - a +0 mace (weapon)
Missiles
 r - 51 arrows
Armour
 b - a +0 animal skin
 e - a +0 ring mail (worn)
Jewellery
 j - a ring of flight (left hand)
Scrolls
 d - 2 scrolls of identify
 i - a scroll of enchant weapon {unknown}
 n - a scroll of teleportation {unknown}
 o - a scroll of magic mapping {unknown}
 p - a scroll of noise {unknown}
 s - a scroll of enchant armour {unknown}
Potions
 c - a potion of haste {unknown}
 g - a potion of ambrosia {unknown}
 h - a potion of attraction {unknown}
 k - a potion of mutation {unknown}
 l - a potion of magic {unknown}
 m - 2 potions of curing
 q - a potion of flight {unknown}


   Skills:
 + Level 3.9 Fighting
 * Level 5.7 Maces & Flails
 + Level 3.0 Armour
 + Level 2.1 Dodging


You had 5 spell levels left.
You didn't know any spells.
Your spell library was empty.

Dungeon Overview and Level Annotations

Branches:
Dungeon (3/15)

Altars:

Shops:
D:2 (


Innate Abilities, Weirdness & Mutations

You are immune to sickness and miasma.
Your stone body is resilient. (AC +4)
You are immune to poison.
You resist negative energy. (rN+)
You are resistant to electric shocks. (rElec)
You are resistant to unholy torment.
You are immune to petrification.


Message History

You are exhausted.
You feel yourself slow down.
The gnoll shaman hits you but does no damage.
You barely miss the gnoll shaman. The gnoll hits you but does no damage.
The gnoll hits you with a +0 halberd.
The gnoll shaman hits you but does no damage.
The gnoll closely misses you. x2; The gnoll hits you but does no damage.
The gnoll shaman barely misses you. The gnoll barely misses you.
You sock the gnoll shaman!
The gnoll shaman is heavily wounded.
The gnoll hits you with a +0 flail! The gnoll barely misses you.
The gnoll misses you. The gnoll barely misses you.
The gnoll shaman hits you with a +0 club.
The gnoll hits you from afar with a +0 spear.
The gnoll misses you. The gnoll barely misses you.
The gnoll hits you with a +0 halberd!
As you read the scroll labelled JINTUI ARGHAMIN, it crumbles to dust.
It is a scroll of identify.
m - 2 potions of curing You feel the effects of Trog's Hand fading.
The gnoll hits you with a +0 flail. The gnoll shaman closely misses you.
The gnoll hits you from afar with a +0 spear.
The gnoll hits you but does no damage. The gnoll misses you.
The gnoll hits you with a +0 flail.
* * * LOW HITPOINT WARNING * * *
The gnoll hits you but does no damage. The gnoll shaman completely misses you.
The gnoll hits you from afar with a +0 spear.
* * * LOW HITPOINT WARNING * * *
As you read the scroll labelled FYIMYA CALE, it crumbles to dust.
Your body is wracked with pain!
* * * LOW HITPOINT WARNING * * *
The gnoll convulses!
The gnoll shaman convulses!
The gnoll convulses! x4
It was a scroll of torment.
The gnoll misses you.
The gnoll hits you from afar with a +0 spear!
* * * LOW HITPOINT WARNING * * *
The gnoll barely misses you. x2
The gnoll shaman calls upon its god to heal the gnoll.
The gnoll's wounds heal themselves!
The gnoll hits you but does no damage.
The gnoll closely misses you. x2; The gnoll hits you with a +0 halberd.
You die...

..# #.........# # ###
....... #.........# #
....... #.........# #
?......####.........#
....................####
.....(.........[........
......gg................
......g.................
#..g@g..$............
#....g.........#.....
#..............#.....
#..............#.....
#.......?...)..#.....
######.........#.....
#.........#.....
#.........######


You could see a gnoll shaman and 5 gnolls.

Vanquished Creatures
  2 orc priests (D:3)
  Jessica (D:3)
  An orc wizard (D:3)
  5 adders
  A worm (D:2)
  2 dart slugs
  5 orcs (D:3)
  8 ball pythons
  11 endoplasms
  3 giant cockroaches
  4 goblins
  5 hobgoblins
  7 jackals
  3 quokkas
  7 bats
  8 frilled lizards
  2 kobolds
  2 rats (D:1)
77 creatures vanquished.

Notes
Turn   | Place    | Note
-------+----------+-------------------------------------------
     0 | D:1      | a11behringer the Gargoyle Berserker began the quest for the
                  | Orb.
     0 | D:1      | Reached XP level 1. HP: 14/14 MP: 1/1
   106 | D:1      | Reached XP level 2. HP: 7/19 MP: 2/2
   557 | D:1      | Reached XP level 3. HP: 23/23 MP: 3/3
  1005 | D:1      | Found a faded altar of an unknown god.
  1267 | D:2      | Reached skill level 4 in Maces & Flails
  1455 | D:2      | Found Ceq Unip's Weapon Shoppe.
  1583 | D:2      | Reached XP level 4. HP: 28/28 MP: 4/4
  1713 | D:2      | Reached ** piety under Trog
  2314 | D:3      | Noticed Jessica
  2321 | D:3      | Killed Jessica
  2322 | D:3      | Reached XP level 5. HP: 31/33 MP: 5/5
  2341 | D:3      | Reached skill level 5 in Maces & Flails
  2645 | D:3      | Reached XP level 6. HP: 10/38 MP: 6/6
  2981 | D:3      | Slain by a gnoll

Illustrated notes

Levels and vault maps discovered:
D:1:      dpeg_arrival_connections, layout_basic,
          ebering_ecumenical_altar_petrified
D:2:      layout_loops_ring, serial_shops, nicolae_shop_bloodbath_and_beyond,
          minmay_lizard_pond
D:3:      layout_basic, riverfiend_overflow_shadow_ancestor, uniq_jessica

Skill      XL: |  1  2  3  4  5  6 |
---------------+-------------------+-----
Maces & Flails | 4 5 |  5.7
Dodging        | 2 |  2.1
Armour         | 3 |  3.0
Fighting       | |  3.9

Action                   |  1- 3 |  4- 6 || total
-------------------------+-------+-------++-------
Melee: Mace              |    89 |   139 ||   228
Invok: Berserk           |     1 |     3 ||     4
       Trog's Hand       |       |     3 ||     3
  Use: Scroll            |       |     2 ||     2
Armor: Animal skin       |     8 |       ||     8
       Ring mail         |    23 |    79 ||   102
Dodge: Dodged            |    62 |   110 ||   172

Table legend: (Time is in decaauts)
 A = Elapsed time spent in this place.
 B = Non-inter-level travel time spent in this place.
 C = Inter-level travel time spent in this place.
 D = Time resting spent in this place.
 E = Time spent auto-exploring this place.
 F = Levels seen in this place.
 G = Mean time per level.
                   A        B        C        D        E       F      G
               +--------+--------+--------+--------+--------+-----+--------+
         Total |   3044 |   2938 |    106 |      0 |   2444 |   3 | 1014.7 |
       Dungeon |   3044 |   2938 |    106 |      0 |   2444 |   3 | 1014.7 |
               +--------+--------+--------+--------+--------+-----+--------+

Top non-repeatable levels by time:
     D:1: 1272 daAuts
     D:2: 1065 daAuts
     D:3: 706 daAuts
